 Dungeon Crawl Stone Soup version 0.28-a0-1190-g77e1c55843 (webtiles) character file.

Game seed: 16300652065004005147

3466 SensoryNuts the Carver (level 9, -4/69 HPs)
             Began as a Demonspawn Fighter on Dec 19, 2021.
             Was an Initiate of Gozag.
             Slain by a large slime creature (32 damage)
             ... on level 8 of the Dungeon.
             The game lasted 00:10:42 (8016 turns).

SensoryNuts the Carver (Demonspawn Fighter)         Turns: 8016, Time: 00:10:44

Health: -4/69      AC:  9    Str: 21 (22) XL:     9   Next: 78%
Magic:  9/9        EV: 11    Int: 15      God:    Gozag
Gold:   837        SH:  6    Dex: 13      Spells: 8/8 levels left

rFire   + . .      SeeInvis +   x - +2 scimitar
rCold   . . .      Faith    .   c - +1 buckler
rNeg    . . .      Spirit   .   b - +0 scale mail
rPois   +          Reflect  .   i - +2 hat "Suw Kyosch" {Regen+ rCorr}
rElec   .          Harm     .   (no cloak)
rCorr   +          Rampage  .   (no gloves)
Will    .....                   (no boots)
Stlth   ++........              (no amulet)
HPRegen 1.01/turn               h - ring "Hyzabb" {rPois rF+ Str+2 Int-3 Dex+2 Slay+3}
MPRegen 0.11/turn               j - ring "Zoufan" {rPois Int+3 Dex-3 SInv}

@: gold aura
A: horns 1, thin skeletal structure 1, foul stench 1, spiny 1, fangs 1, clever
2, deterioration 1
a: Renounce Religion, Potion Petition, Call Merchant, Bribe Branch


You were on level 8 of the Dungeon.
You worshipped Gozag.
Gozag was pleased with you.
You visited 2 branches of the dungeon, and saw 9 of its levels.

You collected 893 gold pieces.
You paid 56 gold pieces to Gozag.

Inventory:

Hand Weapons
 a - a +0 long sword
 r - the +7 quarterstaff of Uhitt {vorpal, Will+ Int-4 Dex+6}
   (You found it on level 5 of the Dungeon)

   It inflicts extra damage upon your enemies.
   Int:       It affects your intelligence (-4).
   Dex:       It affects your dexterity (+6).
   Will:      It increases your willpower.
 x - a +2 scimitar (weapon)
Armour
 b - a +0 scale mail (worn)
 c - a +1 buckler (worn)
 i - the +2 hat "Suw Kyosch" (worn) {Regen+ rCorr}
   (You acquired it on level 3 of the Dungeon)

   Regen:     It increases your rate of health regeneration.
   rCorr:     It protects you from acid and corrosion.
Magical Staves
 n - a staff of conjuration
Jewellery
 h - the ring "Hyzabb" (left hand) {rPois rF+ Str+2 Int-3 Dex+2 Slay+3}
   (You acquired it on level 2 of the Dungeon)

   [ring of poison resistance]

   Str:       It affects your strength (+2).
   Int:       It affects your intelligence (-3).
   Dex:       It affects your dexterity (+2).
   Slay:      It affects your accuracy & damage with ranged weapons and melee
   (+3).
   rF:        It protects you from fire.
   rPois:     It protects you from poison.
 j - the ring "Zoufan" (right hand) {rPois Int+3 Dex-3 SInv}
   (You found it on level 4 of the Dungeon)

   [ring of poison resistance]

   Int:       It affects your intelligence (+3).
   Dex:       It affects your dexterity (-3).
   rPois:     It protects you from poison.
   SInv:      It lets you see invisible.
 p - a ring of fire
Wands
 u - a wand of flame (15)
Scrolls
 e - a scroll of noise
 g - 2 scrolls of enchant weapon
 k - 2 scrolls of teleportation
 m - 4 scrolls of enchant armour
 q - a scroll of fear
 s - a scroll of immolation
 v - a scroll of torment {unknown}
 y - a scroll of fog
 A - a scroll of identify
 B - a scroll of magic mapping {unknown}
Potions
 d - 3 potions of might
 f - 3 potions of flight
 l - 7 potions of curing
 o - 2 potions of lignification
 t - a potion of resistance {unknown}
 w - a potion of ambrosia {unknown}
 z - a potion of attraction {unknown}


   Skills:
 + Level 5.8 Fighting
 * Level 9.3 Long Blades
 + Level 6.1 Armour
 + Level 3.3 Dodging
 + Level 2.0 Stealth
 + Level 4.5 Shields


You had 8 spell levels left.
You didn't know any spells.
Your spell library contained the following spells:

 Spells                   Type           Power      Damage    Failure   Level
 Magic Dart               Conj           0%         1d3       56%         1
 Passwall                 Tmut/Erth      0%         N/A       71%         2
 Searing Ray              Conj           0%         2d4       71%         2
 Gell's Gravitas          Tloc           0%         N/A       90%         3
 Ignite Poison            Fire/Tmut/Pois 0%         N/A       90%         3
 Inner Flame              Hex/Fire       0%         N/A       90%         3
 Mephitic Cloud           Conj/Pois/Air  0%         N/A       90%         3
 Swiftness                Air            0%         N/A       90%         3
 Teleport Other           Tloc           0%         N/A       90%         3
 Tukima's Dance           Hex            0%         N/A       90%         3
 Animate Armour           Summ/Erth      0%         N/A       100%        4
 Cause Fear               Hex            0%         N/A       100%        4
 Fulminant Prism          Conj/Hex       0%         3d6       100%        4
 Passage of Golubria      Tloc           0%         N/A       100%        4
 Petrify                  Tmut/Erth      0%         N/A       100%        4
 Summon Lightning Spire   Summ/Air       0%         N/A       100%        4
 Freezing Cloud           Conj/Ice/Air   0%         6-21      100%        5
 Yara's Violent Unravell  Hex/Tmut       0%         3d3       100%        5
 Dispersal                Tloc           0%         N/A       100%        6
 Discord                  Hex            0%         N/A       100%        8
 Maxwell's Capacitive Co  Air            0%         ∞         100%        8


Dungeon Overview and Level Annotations

Branches:
Dungeon (8/15)             Temple (1/1) D:5            Lair (0/6) D:8

Altars:
Ashenzari
Cheibriados
Dithmenos
Elyvilon
Fedhas
Gozag
Hepliaklqana
Kikubaaqudgha
Makhleb
Nemelex Xobeh
Okawaru
Qazlal
Ru
Sif Muna
Uskayaw
Vehumet
Wu Jian
Xom
Yredelemnul
Zin
The Shining One


Innate Abilities, Weirdness & Mutations

You have a pair of small horns on your head.
You have a somewhat thin skeletal structure. (Dex +2, Stealth+)
You may rarely emit foul miasma when damaged in melee.
You are partially covered in sharp spines.
You have very sharp teeth.
Your mind is very acute. (Int +4)
Your body sometimes deteriorates upon taking damage.


Message History

The large slime creature barely misses you.
You block the bullfrog's attack.
You slash the large slime creature!
You headbutt the large slime creature, but do no damage.
The large slime creature is moderately wounded.
The slime creature is no longer distracted by gold.
The large slime creature is struck by your spines.
The large slime creature completely misses you.
The bullfrog is struck by your spines.
The bullfrog hits you but does no damage.
You hit the large slime creature. You headbutt the large slime creature!
You bite the large slime creature.
The large slime creature is heavily wounded.
The bullfrog is struck by your spines.
The bullfrog hits you but does no damage.
The large slime creature hits you!!
You barely miss the bullfrog. You bite the bullfrog.
You kill the bullfrog!
Two slime creatures merge to form a very large slime creature.
Your Stealth skill increases to level 2!
You slash the very large slime creature!
You headbutt the very large slime creature!
The very large slime creature is heavily wounded.
The very large slime creature is distracted by your dazzling golden aura.
Unknown command.
The very large slime creature quivers.
You slash the very large slime creature!
The very large slime creature is no longer distracted by gold.
The very large slime creature is heavily wounded.
A very large slime creature splits.
You slice the large slime creature!! You headbutt the large slime creature!
The large slime creature is severely wounded.
The large slime creature hits you!
You slash the large slime creature! You bite the large slime creature.
The large slime creature is almost dead.
The slime creature hits you!
Your body deteriorates!
You feel weakened. The large slime creature hits you!!
You die...
Your body crumbles into a pile of gold.

#.. #......
#.P #......
..... #......
.... #.#..
#..... .....
#.#.. #.....
..... # ###
#..... .....
#....J###.....
#....J@..# #.#
#....D...# #.#
#......$.###.#
#............#
#............#
######.......#
#######.#
#.####.#
##......#


You could see a large slime creature, a slime creature and a steam dragon.

Vanquished Creatures
  A slime creature (D:8)
  3 water moccasins
  2 orc warriors
  An ice beast (D:8)
  A black bear (D:8)
  An ogre (D:5)
  A centaur (D:6)
  A phantom (D:6)
  A kobold brigand (D:4)
  5 bullfrogs (D:8)
  5 scorpions
  A water moccasin zombie (D:7)
  2 water moccasin skeletons
  5 wights
  5 killer bees (D:7)
  2 centaur zombies
  5 jellies
  2 bullfrog skeletons
  3 orc priests
  3 hounds
  A centaur skeleton (D:7)
  4 iguanas
  6 orc wizards
  A hound skeleton (D:5)
  A howler monkey zombie (D:8)
  10 adders
  7 gnolls
  A shadow imp (D:6)
  An adder skeleton (D:4)
  2 worms
  5 dart slugs
  22 orcs
  5 bats
  7 endoplasms
  2 giant cockroaches
  10 goblins
  16 hobgoblins
  3 quokkas
  8 ball pythons
  2 frilled lizards
  18 kobolds
  A rat (D:3)
183 creatures vanquished.

Vanquished Creatures (others)
  19 fungi (D:8)
  23 plants (D:8)
42 creatures vanquished.

Grand Total: 225 creatures vanquished

Notes
Turn   | Place    | Note
-------+----------+-------------------------------------------
     0 | D:1      | SensoryNuts the Demonspawn Fighter began the quest for the
                  | Orb.
     0 | D:1      | Reached XP level 1. HP: 18/18 MP: 1/1
   246 | D:1      | Gained mutation: You have a somewhat thin skeletal
                  | structure. (Dex +2, Stealth+) [demonic ancestry]
   246 | D:1      | Reached XP level 2. HP: 24/24 MP: 2/2
   536 | D:1      | Got the Guide on Earth and Flight
   669 | D:1      | Reached skill level 2 in Long Blades
   976 | D:1      | Reached XP level 3. HP: 26/29 MP: 3/3
  1425 | D:2      | Found a faded altar of an unknown god.
  2424 | D:2      | Identified a scroll of acquirement
  2430 | D:2      | Acquired the ring "Hyzabb" {rPois rF+ Str+2 Int-3 Dex+2
                  | Slay+3}
  2630 | D:3      | Reached XP level 4. HP: 32/35 MP: 4/4
  3214 | D:3      | Acquired the +2 hat "Suw Kyosch" {Regen+ rCorr}
  3222 | D:3      | Gained mutation: You are somewhat resistant to further
                  | mutation. [potion of mutation]
  3224 | D:3      | Lost mutation: You are somewhat resistant to further
                  | mutation. [potion of mutation]
  3224 | D:3      | Gained mutation: You have hidden genetic defects. [potion
                  | of mutation]
  3224 | D:3      | Gained mutation: You are covered in fur. (AC +1) [potion of
                  | mutation]
  3257 | D:3      | Lost mutation: You have hidden genetic defects. [potion of
                  | mutation]
  3257 | D:3      | Lost mutation: You are covered in fur. (AC +1) [potion of
                  | mutation]
  3257 | D:3      | Gained mutation: Your mind is acute. (Int +2) [potion of
                  | mutation]
  3257 | D:3      | Gained mutation: You have very sharp teeth. [potion of
                  | mutation]
  3257 | D:3      | Gained mutation: Your body sometimes deteriorates upon
                  | taking damage. [potion of mutation]
  3257 | D:3      | Gained mutation: Your mind is very acute. (Int +4) [potion
                  | of mutation]
  3278 | D:4      | Reached skill level 3 in Long Blades
  3387 | D:4      | Identified the ring "Zoufan" {rPois Int+3 Dex-3 SInv}
  3455 | D:4      | Gained mutation: You may rarely emit foul miasma when
                  | damaged in melee. [demonic ancestry]
  3455 | D:4      | Reached XP level 5. HP: 41/41 MP: 5/5
  3593 | D:4      | Reached skill level 1 in Dodging
  3629 | D:4      | Reached skill level 4 in Long Blades
  3629 | D:4      | Reached XP level 6. HP: 35/48 MP: 6/6
  4337 | D:5      | Entered Level 5 of the Dungeon
  4393 | D:5      | Noticed an orc warrior
  4405 | D:5      | Killed an orc warrior
  4406 | D:5      | Reached skill level 5 in Long Blades
  4406 | D:5      | Gained mutation: You are partially covered in sharp spines.
                  | [demonic ancestry]
  4406 | D:5      | Reached XP level 7. HP: 21/54 MP: 7/7
  4541 | D:5      | Found a staircase to the Ecumenical Temple.
  4596 | Temple   | Entered the Ecumenical Temple
  4823 | Temple   | Became a worshipper of Gozag Ym Sagoz the Greedy
  5279 | D:5      | Identified the +7 quarterstaff of Uhitt {vorpal, Will+
                  | Int-4 Dex+6}
  5694 | D:6      | Reached skill level 6 in Long Blades
  5762 | D:6      | Gained mutation: You have a pair of small horns on your
                  | head. [demonic ancestry]
  5762 | D:6      | Reached XP level 8. HP: 61/61 MP: 8/8
  6231 | D:6      | Reached skill level 5 in Armour
  6661 | D:7      | Reached skill level 7 in Long Blades
  6676 | D:7      | Reached skill level 5 in Fighting
  6832 | D:7      | Reached XP level 9. HP: 42/68 MP: 9/9
  7238 | D:7      | Reached skill level 1 in Stealth
  7637 | D:8      | Reached skill level 8 in Long Blades
  7678 | D:8      | Found a staircase to the Lair.
  7791 | D:8      | Reached skill level 9 in Long Blades
  8016 | D:8      | Slain by a large slime creature

Illustrated notes

Levels and vault maps discovered:
D:1:      erik_arrival_cave_to_civilisation [erik_arrival_cave_to_hall],
          layout_basic, minmay_tripent
D:2:      cheibrodos_helix_gallery, layout_loops_ring,
          hellmonk_ecumenical_altar_lost_god
D:3:      layout_loops_cross
D:4:      layout_basic, grunt_ministairs_2
D:5:      minmay_inner_zag, layout_basic, minmay_temple_entry_wispy
D:6:      layout_basic
D:7:      corexii_shantytown, layout_basic
D:8:      layout_basic, due_lair_maze_entry_diamond
Temple:   mainiacjoe_temple_hex_bubbles

Skill      XL: |  1  2  3  4  5  6  7  8  9 |
---------------+----------------------------+-----
Shields        | 3 4 |  4.5
Long Blades    | 2 3 4 5 6 7 9 |  9.3
Armour         | 3 4 5 6 |  6.1
Dodging        | 1 2 3 |  3.3
Fighting       | 4 5 |  5.8
Stealth        | 2 |  2.0

Action                   |  1- 3 |  4- 6 |  7- 9 || total
-------------------------+-------+-------+-------++-------
Melee: Long sword        |   159 |   118 |   229 ||   506
       Bite              |       |    13 |    33 ||    46
       Headbutt          |       |       |    40 ||    40
       Scimitar          |       |       |    37 ||    37
  Use: Scroll            |     5 |     2 |     4 ||    11
       Potion            |       |     7 |       ||     7
 Stab: Sleeping          |       |       |     3 ||     3
       Distracted        |       |       |     1 ||     1
Armor: Scale mail        |    67 |    45 |    84 ||   196
Dodge: Dodged            |    69 |    44 |   123 ||   236
Block: Buckler           |    40 |    27 |    68 ||   135

Table legend: (Time is in decaauts)
 A = Elapsed time spent in this place.
 B = Non-inter-level travel time spent in this place.
 C = Inter-level travel time spent in this place.
 D = Time resting spent in this place.
 E = Time spent auto-exploring this place.
 F = Levels seen in this place.
 G = Mean time per level.
                   A        B        C        D        E       F      G
               +--------+--------+--------+--------+--------+-----+--------+
         Total |   8106 |   7360 |    746 |      0 |   5834 |   9 |  900.7 |
       Dungeon |   7837 |   7091 |    746 |      0 |   5639 |   8 |  979.6 |
        Temple |    268 |    268 |      0 |      0 |    195 |   1 |  268.0 |
               +--------+--------+--------+--------+--------+-----+--------+

Top non-repeatable levels by time:
     D:2: 1323 daAuts
     D:1: 1169 daAuts
     D:5: 1087 daAuts
     D:4: 1084 daAuts
     D:7: 1036 daAuts
     D:6: 958 daAuts
     D:3: 836 daAuts
     D:8: 340 daAuts
  Temple: 268 daAuts
